 Dungeon Crawl Stone Soup version 0.17-a0-1954-g0dddeaa (webtiles) character file.

2 dpvblackbelt the Conjurer (level 1, -2/11 HPs)
             Began as an Octopode Conjurer on Oct 4, 2015.
             Slain by a hobgoblin
             ... wielding a +0 club
              (8 damage)
             ... on level 1 of the Dungeon.
             The game lasted 00:00:27 (114 turns).

dpvblackbelt the Conjurer (Octopode Conjurer)        Turns: 114, Time: 00:00:27

Health: -2/11      AC:  1    Str:  7    XL:     1   Next: 30%
Magic:  0/3        EV: 12    Int: 17    God:
Gold:   0          SH:  0    Dex: 12    Spells: 1 memorised, 3 levels left

rFire  . . .     SeeInvis .     (no weapon)
rCold  . . .     Clarity  .     (no shield)
rNeg   . . .     SustAt   .     (helmet restricted)
rPois  .         Gourm    .     (no amulet)
rElec  .         Spirit   .     (no ring)
rCorr  .         Warding  .     (no ring)
rMut   .         Stasis   .     (no ring)
MR     .....                    (no ring)
Stlth  +++.......               (no ring)
                                (no ring)
                                (no ring)
                                (no ring)

@: not resistant to hostile enchantments, fairly stealthy
A: almost no armour, amphibious, 8 rings, constrict 8, camouflage 1, gelatinous
body 1
a: no special abilities


You were on level 1 of the Dungeon.
You were not hungry.

You visited 1 branch of the dungeon, and saw 1 of its levels.

Inventory:

Hand weapons
 f - a +0 mace
   (You found it on level 1 of the Dungeon)
Scrolls
 e - a scroll of enchant armour {unknown}
Potions
 d - a potion of might {unknown}
Books
 a - a book of Conjurations
Comestibles
 b - a bread ration {@e1@e1}
 c - a beef jerky


   Skills:
 - Level 2.0 Dodging
 - Level 2.6 Stealth
 - Level 2.0 Spellcasting
 + Level 4.1 Conjurations


You had 3 spell levels left.
You knew the following spells:

 Your Spells              Type           Power        Failure   Level  Hunger
a - Magic Dart            Conj           ###.         3%          1    #......


Dungeon Overview and Level Annotations

Branches:
Dungeon (1/15)

Altars:


Innate Abilities, Weirdness & Mutations

You cannot wear most types of armour.
You are amphibious.
You can wear up to eight rings at the same time.
You can use your tentacles to constrict eight enemies at once.
Your skin changes colour to match your surroundings (Stealth).
Your rubbery body absorbs attacks (AC +1).


Message History

Welcome, dpvblackbelt the Octopode Conjurer.
Will you be the one to retrieve the fabulous Orb of Zot from the depths?
Found a beef jerky.
Found a staircase leading out of the dungeon.
c - a beef jerky
d - a fizzy white potion
e - a scroll labeled TONORO JORHOVI You open the door.
There is an open door here.
As you open the door, it creaks loudly!
Found a stone staircase leading down.
There is an open door here.
There is a stone staircase leading down here.
You open the door.
A bat comes into view.
A bat is nearby!
A bat is nearby!
Aim: a bat The magic dart hits the bat.
You now have 2/3 mp.
A bat is nearby!
Aim: a bat (heavily wounded)
The magic dart hits the bat.
The bat barely misses you.
You now have 1/3 mp.
Aim: a bat (moderately wounded)
The magic dart hits the bat.
You kill the bat!
You now have 0/3 mp.
There is an open door here.
A bat comes into view.
You see here a bat corpse.
A bat is nearby!
A bat is nearby!
A bat is nearby!
You don't have enough magic to cast that spell.
There is an open door here.
You start resting.
MP restored: 3
There is an open door here.
A hobgoblin comes into view. It is wielding a club.
The hobgoblin shouts!
The hobgoblin moves out of view.
Aim: a bat The magic dart hits the bat.
You kill the bat!
You now have 2/3 mp.
The hobgoblin misses you.
Aim: a hobgoblin, wielding a club The magic dart hits the hobgoblin.
The hobgoblin hits you but does no damage.
You now have 1/3 mp.
Aim: a hobgoblin, wielding a club (moderately wounded)
The magic dart hits the hobgoblin.
The hobgoblin hits you with a club.
You take 2 damage, and have 9/11 hp.
You now have 0/3 mp.
The hobgoblin hits you with a club.
You see here a mace.
You take 3 damage, and have 6/11 hp.
MASSIVE DAMAGE!!
f - a mace The hobgoblin hits you with a club!
Ouch! That really hurt!
You die...

###### #....#
#....#
########....#
............#
#..@....######
#...g........#
#............#
#............#
########.....#
#.....#
#..†..#
#.....#
###'###


You could see a hobgoblin.

Vanquished Creatures
  2 bats (D:1)
2 creatures vanquished.

Notes
Turn   | Place    | Note
--------------------------------------------------------------
     0 | D:1      | dpvblackbelt the Octopode Conjurer began the quest for the Orb.
     0 | D:1      | Reached XP level 1. HP: 11/11 MP: 3/3
   114 | D:1      | Slain by a hobgoblin

Vault maps used:
D:1:      lightli_arrival_statue_moat, grunt_decor_arrowhead,
          wad_floor_pattern_untrapped

Action                   || total
-------------------------++-------
 Cast: Magic Dart        ||     6

Vault maps used:
D:1:      lightli_arrival_statue_moat, grunt_decor_arrowhead,
          wad_floor_pattern_untrapped

Table legend:
 A = Turns spent in this place as a percentage of turns spent in the entire game.
 B = Non-inter-level travel turns spent in this place as a percentage of non-inter-level travel turns spent in the entire game.
 C = Inter-level travel turns spent in this place as a percentage of turns spent in this place.
 D = Turns resting spent in this place as a percentage of non-inter-level travel turns spent in this place.
 E = Turns spent auto-exploring this place as a percentage of non-inter-level travel turns spent in this place.
 F = Non-inter-level travel turns spent in this place divided by the number of levels of this place that you've seen.
                   A       B       C       D       E      F
               +-------+-------+-------+-------+-------+----------------------
         Total | 100.0 | 100.0 |   0.0 |   6.1 |  15.2 |  33.0
       Dungeon | 100.0 | 100.0 |   0.0 |   6.1 |  15.2 |  33.0
               +-------+-------+-------+-------+-------+----------------------

Table legend:
 A = Kills in this place as a percentage of kills in entire the game.
 B = Kills by you in this place as a percentage of kills by you in the entire game.
 C = Kills by friends in this place as a percentage of kills by friends in the entire game.
 D = Other kills in this place as a percentage of other kills in the entire game.
 E = Experience gained in this place as a percentage of experience gained in the entire game.
 F = Experience gained in this place divided by the number of levels of this place that you have seen.
                   A       B       C       D       E      F
               +-------+-------+-------+-------+-------+----------------------
         Total | 100.0 | 100.0 |  -nan |  -nan | 100.0 |   3.0
       Dungeon | 100.0 | 100.0 |  -nan |  -nan | 100.0 |   3.0
               +-------+-------+-------+-------+-------+----------------------
